 Dungeon Crawl Stone Soup version 0.32-a0-468-g38b2580584 (webtiles) character file.

Game seed: 6413405563810940013

278 TribalFlames the Trooper (level 6, 0/48 HPs)
             Began as a Mummy Fighter on Feb 24, 2024.
             Was a Follower of Beogh.
             Incinerated by a bombardier beetle (6 damage)
             ... with a burning spray
             ... on level 5 of the Dungeon.
             The game lasted 00:04:14 (3512 turns).

TribalFlames the Trooper (Mummy Fighter)            Turns: 3512, Time: 00:04:14

Health: 0/48       AC: 14    Str: 21    XL:     6   Next: 5%
Magic:  6/6        EV:  5    Int:  7    God:    Beogh [*.....]
Gold:   226        SH:  4    Dex: 12    Spells: 5/5 levels left

rFire   x . .        a - +0 flail
rCold   + + .        c - +0 buckler
rNeg    + + +        i - +2 plate armour {rC+}
rPois   ∞            (no helmet)
rElec   .            (no cloak)
rCorr   .            (no gloves)
SInv    +            f - +0 pair of boots
Will    .....        (no amulet) Stlth
                     e - ring of see invisible
HPRegen 0.28/turn    (no ring)
MPRegen 0.10/turn

%: faith
@: on fire, glowing
A: cold resistance 1, negative energy resistance 3, torment resistance 2, heat
vulnerability 1, in touch with death 1, no potions, faith
a: Renounce Religion


You were on level 5 of the Dungeon.
You worshipped Beogh.
Beogh was aware of your devotion.
You visited 1 branch of the dungeon, and saw 5 of its levels.

You collected 226 gold pieces.

Inventory:

Hand Weapons
 a - a +0 flail (weapon)
Armour
 c - a +0 buckler (worn)
 f - a +0 pair of boots (worn)
 i - a +2 plate armour of cold resistance (worn)
Jewellery
 e - a ring of see invisible (left hand)
Scrolls
 b - 4 scrolls of teleportation {unknown}
 d - 2 scrolls of vulnerability {unknown}
 g - 2 scrolls of noise {unknown}
 h - a scroll of enchant weapon {unknown}
 j - a scroll of amnesia {unknown}
 k - a scroll of blinking {unknown}
 l - 4 scrolls of identify {unknown}
 m - a scroll of fear {unknown}
 n - a scroll of immolation {unknown}
 o - a scroll of torment {unknown}


   Skills:
 + Level 3.9 Fighting
 * Level 3.5 Maces & Flails
 + Level 3.3 Armour
 + Level 3.3 Shields


You had 5 spell levels left.
You didn't know any spells.
Your spell library contained the following spells:

 Spells                   Type           Power      Damage    Failure   Level
 Stone Arrow              Conj/Erth      0%         3d7       100%        3
 Animate Armour           Summ/Erth      0%         N/A       100%        4
 Lehudib's Crystal Spear  Conj/Erth      0%         10d2      100%        8


Dungeon Overview and Level Annotations

Branches:
Dungeon (5/15)
 Temple: D:4-7

Altars:
Dithmenos

Shops:
D:2 (

Annotations:
D:3 ignis


Innate Abilities, Weirdness & Mutations

You are immune to poison.
Your flesh is cold resistant. (rC+)
You are immune to negative energy. (rN+++)
You are immune to unholy pain and torment.
You are vulnerable to heat. (rF-)
You are in touch with the powers of death.
You do not drink.
You have a special connection with the divine. (Faith)


Message History

The burning spray hits you.
You are covered in liquid fire!
You hit the bombardier beetle but do no damage.
The bombardier beetle is lightly wounded.
The liquid fire burns you!
The bombardier beetle bites you but does no damage.
You sock the bombardier beetle!
The bombardier beetle is almost dead.
The liquid fire burns you!
The bombardier beetle bites you but does no damage.
You are too injured to fight recklessly!
You are too injured to fight recklessly!
You are too injured to fight recklessly!
You are too injured to fight recklessly!
You are too injured to fight recklessly!
You are too injured to fight recklessly!
You are too injured to fight recklessly!
You shake off some of the fire as you move.
The liquid fire burns you!
You hit the bombardier beetle but do no damage.
The bombardier beetle is almost dead.
The liquid fire burns you!
The bombardier beetle sprays incendiary fluid at you.
The burning spray hits you.
You are even more covered in liquid fire!
You closely miss the bombardier beetle.
The bombardier beetle is almost dead.
The liquid fire burns you!
* * * LOW HITPOINT WARNING * * *
The bombardier beetle barely misses you.
Unknown command.
You hit the bombardier beetle.
You kill the bombardier beetle!
Beogh accepts your kill. The liquid fire burns you!
* * * LOW HITPOINT WARNING * * *
You have reached level 6!
You shake off some of the fire as you move.
The liquid fire burns you!
You die...

.... ..)..
#...# #...###
########......
#............
#..@...##.#
#......##.#
#......##.#
.######.##.#
..........<#
#######.##.#
#.......#
#######.#
#.#######


There were no monsters in sight!

Vanquished Creatures
  A scorpion (D:4)
  2 bombardier beetles
  A hound (D:3)
  An adder (D:3)
  3 gnolls
  A dart slug (D:4)
  5 orcs
  7 ball pythons
  4 bats (D:1)
  6 endoplasms
  A giant cockroach (D:2)
  7 goblins
  7 hobgoblins
  10 jackals
  4 quokkas
  3 frilled lizards
  5 kobolds
  7 rats
75 creatures vanquished.

Vanquished Creatures (others)
  An orc (D:3)
1 creature vanquished.

Grand Total: 76 creatures vanquished

Notes
Turn   | Place    | Note
-------+----------+-------------------------------------------
     0 | D:1      | TribalFlames the Mummy Fighter began the quest for the Orb.
     0 | D:1      | Reached XP level 1. HP: 18/18 MP: 1/1
    59 | D:1      | Reached XP level 2. HP: 12/24 MP: 2/2
   447 | D:1      | Reached XP level 3. HP: 29/29 MP: 3/3
   835 | D:2      | Found Ogenk's Weapon Shop.
  1811 | D:3      | Reached XP level 4. HP: 33/35 MP: 4/4
  1887 | D:3      | Found a faded altar of an unknown god.
  2146 | D:3      | Reached XP level 5. HP: 25/41 MP: 5/5
  2239 | D:3      | Became a worshipper of Beogh the Shepherd
  3391 | D:4      | Found a shadowy altar of Dithmenos.
  3485 | D:5      | Entered Level 5 of the Dungeon
  3511 | D:5      | Reached * piety under Beogh
  3512 | D:5      | Reached XP level 6. HP: 6/48 MP: 6/6
  3512 | D:5      | Incinerated by a bombardier beetle

Illustrated notes

Levels and vault maps discovered:
D:1:      amcnicky_arrival_wind_blow, layout_loops_ring
D:2:      layout_basic, serial_shops, shop, chequers_serial_rivers_marsh,
          grunt_decor_one_mirror, nrook_campfire, serial_bayou_lake_a
D:3:      layout_basic, shapermc_ecumenical_altar_gd, hex_intersection
D:4:      layout_cave_pods, minitemple, kennysheep_mini
D:5:      layout_basic, cheibrodos_ashenzari_chains, nicolae_underground_beach

Skill      XL: |  1  2  3  4 |
---------------+-------------+-----
Maces & Flails | 2 3 |  3.5
Armour         | 3 |  3.3
Shields        | 3 |  3.3
Fighting       | |  3.9

Action                     |  1- 3 |  4- 6 || total
---------------------------+-------+-------++-------
  Melee: Flail             |   128 |   141 ||   269
 Invoke: Convert to Beogh  |       |     1 ||     1
 Armour: Scale mail        |    49 |       ||    49
         Plate armour      |    48 |   128 ||   176
  Dodge: Dodged            |    59 |    39 ||    98
  Block: Buckler           |    35 |    30 ||    65

Table legend: (Time is in decaauts)
 A = Elapsed time spent in this place.
 B = Non-inter-level travel time spent in this place.
 C = Inter-level travel time spent in this place.
 D = Time resting spent in this place.
 E = Time spent auto-exploring this place.
 F = Levels seen in this place.
 G = Mean time per level.
                   A        B        C        D        E       F      G
               +--------+--------+--------+--------+--------+-----+--------+
         Total |   3622 |   3392 |    230 |    118 |   2612 |   5 |  724.4 |
       Dungeon |   3622 |   3392 |    230 |    118 |   2612 |   5 |  724.4 |
               +--------+--------+--------+--------+--------+-----+--------+

Top non-repeatable levels by time:
     D:4: 1061 daAuts
     D:2: 1003 daAuts
     D:1: 858 daAuts
     D:3: 670 daAuts
     D:5: 28 daAuts
